 Dungeon Crawl Stone Soup version 0.28-b1-70-g80dc712255 (webtiles) character file.

Game seed: 10580880816692504125

637 adizb the Cudgeller (level 7, -5/59 HPs)
             Began as a Palentonga Fighter on Feb 3, 2022.
             Was a Follower of Ru.
             Slain by a lemure (8 damage)
             ... led by Pikel
             ... on level 5 of the Dungeon.
             The game lasted 00:15:31 (2842 turns).

adizb the Cudgeller (Palentonga Fighter)            Turns: 2842, Time: 00:15:31

Health: -5/59      AC: 14    Str: 19 (21) XL:     7   Next: 25%
Magic:  7/7        EV:  7    Int:  7 (9)  God:    Ru [*.....]
Gold:   125        SH:  0    Dex:  8 (9)  Spells: 6/6 levels left

rFire   . . .      SeeInvis +   a - +0 flail
rCold   . . .      Faith    .   m - orb {mayhem}
rNeg    . . .      Spirit   .   b - +0 scale mail
rPois   .          Reflect  .   (no helmet)
rElec   .          Harm     .   (no cloak)
rCorr   .          Rampage  .   g - +0 pair of gloves
Will    .....                   (no barding)
Stlth   ..........              (no amulet)
HPRegen 0.19/turn               (no ring)
MPRegen 0.10/turn               (no ring)

@: curled up
A: large, rugged brown scales 3, see invisible, deformed body, no hexes magic,
no poison magic, no translocations magic, roll 1, armoured tail, reflexive curl
a: Rolling Charge, Renounce Religion


You were on level 5 of the Dungeon.
You worshipped Ru.
Ru was aware of your devotion.
You visited 1 branch of the dungeon, and saw 7 of its levels.

You collected 125 gold pieces.

Inventory:

Hand Weapons
 a - a +0 flail (weapon)
Armour
 b - a +0 scale mail (worn)
 c - a +0 buckler
 g - a +0 pair of gloves (worn)
 m - an orb of mayhem (worn)
Scrolls
 e - a scroll of vulnerability
 j - 3 scrolls of teleportation
Potions
 d - a potion of cancellation {unknown}
 k - a potion of ambrosia
 l - a potion of flight {unknown}


   Skills:
 + Level 5.4 Fighting
 * Level 6.7 Maces & Flails
 - Level 2.4 Armour
 - Level 2.4 Shields


You had 6 spell levels left.
You didn't know any spells.
Your spell library contained the following spells:

 Spells                   Type           Power      Damage    Failure   Level
 Beastly Appendage        Tmut           0%         N/A       80%         1
 Wereblood                Tmut           0%         N/A       91%         2
 Spider Form              Tmut/Pois      Unusable   N/A       N/A         3

Dungeon Overview and Level Annotations

Branches:
Dungeon (7/15)             Temple (0/1) D:6

Altars:
Ru

Shops:
D:6 *

Annotations:
D:5 Pikel


Innate Abilities, Weirdness & Mutations

You are completely covered in rugged brown scales. (AC +3, +7% HP)
You have supernaturally acute eyesight. (SInv)
Armour fits poorly on your strangely shaped body.
You cannot study or cast Hexes magic.
You cannot study or cast Poison magic.
You cannot study or cast Translocations magic.
You can roll at nearby foes to attack.
You have a long armoured tail.
You curl defensively after being hit. (AC +7*)


Message History

You hit Pikel but do no damage.
Pikel is heavily wounded.
The lemure hits you.
Pikel hits you with a +0 whip of freezing.
Pikel freezes you.
You closely miss Pikel.
Pikel is heavily wounded.
The lemure hits you!
Pikel hits you with a +0 whip of freezing.
* * * LOW HITPOINT WARNING * * *
Pikel freezes you.
* * * LOW HITPOINT WARNING * * *
The lemure hits you but does no damage.
Okay, then.
Okay, then.
You feel better. The lemure hits you.
* * * LOW HITPOINT WARNING * * *
The lemure hits you.
* * * LOW HITPOINT WARNING * * *
Pikel hits you but does no damage. The lemure hits you but does no damage.
You hit Pikel.
Pikel is heavily wounded.
The lemure barely misses you. x2
Pikel hits you with a +0 whip of freezing!
* * * LOW HITPOINT WARNING * * *
Pikel freezes you.
* * * LOW HITPOINT WARNING * * *
The lemure hits you but does no damage.
Okay, then.
You feel better. The lemure completely misses you.
The lemure hits you but does no damage.
Pikel is stunned by your conviction and fails to attack.
The lemure hits you.
* * * LOW HITPOINT WARNING * * *
Okay, then.
It was a potion of degeneration.
There was something very wrong with that liquid.
You feel weakened.
You feel dopey.
You feel clumsy. The lemure barely misses you. The lemure hits you!
You die...

#.#...###### #......#
#..#.##### ###
#....###.## ##.##
#....##...# #...#
#.#..##...###.5.##
#.#.#..#..#..#..#..#
#....5.#.###.#.###.##
#..#..K@5.# #.5.# #.5##
####.##.5## ##.## ##..#
... ##.# #.# #5.# .....
### ##### ##.# ....
#...######.#
.....#######....5.5...#
5............########
K..#######..># #.†.#


You could see Pikel and 3 lemures.

Vanquished Creatures
  A necrophage (D:6)
  An ogre (D:6)
  A phantom (D:6)
  A kobold brigand (D:7)
  A wyvern skeleton (D:7)
  A water moccasin skeleton (D:5)
  Jessica (D:2)
  An iguana (D:5)
  A hound zombie (D:5)
  A hound skeleton (D:5)
  A howler monkey zombie (D:7)
  3 gnolls (D:2)
  2 adders (D:3)
  An adder skeleton (D:4)
  A dart slug (D:2)
  5 orcs
  4 endoplasms
  4 giant cockroaches
  A goblin (D:3)
  5 hobgoblins
  2 quokkas
  6 ball pythons
  3 bats
  A frilled lizard (D:1)
  10 kobolds
  5 rats
64 creatures vanquished.

Vanquished Creatures (collateral kills)
  An orc (D:7)
1 creature vanquished.

Vanquished Creatures (others)
  A water moccasin zombie (D:6)
  A kobold (D:7)
2 creatures vanquished.

Grand Total: 67 creatures vanquished

Notes
Turn   | Place    | Note
-------+----------+-------------------------------------------
     0 | D:1      | adizb the Palentonga Fighter began the quest for the Orb.
     0 | D:1      | Reached XP level 1. HP: 19/19 MP: 1/1
   104 | D:1      | Reached XP level 2. HP: 5/25 MP: 2/2
   345 | D:1      | Reached skill level 3 in Maces & Flails
   605 | D:2      | Noticed Jessica
   611 | D:2      | Killed Jessica
   612 | D:2      | Reached XP level 3. HP: 31/31 MP: 3/3
   933 | D:2      | Reached XP level 4. HP: 11/39 MP: 4/4
  1179 | D:3      | Reached skill level 4 in Maces & Flails
  1513 | D:3      | Found a faded altar of an unknown god.
  1597 | D:3      | Prayed at the altar of an unknown god.
  1597 | D:3      | Became a worshipper of Ru the Awakened
  1625 | D:3      | Gained mutation: You cannot study or cast Poison magic. [Ru
                  | sacrifice]
  1625 | D:3      | Gained mutation: You cannot study or cast Hexes magic. [Ru
                  | sacrifice]
  1625 | D:3      | Gained mutation: You cannot study or cast Translocations
                  | magic. [Ru sacrifice]
  1625 | D:3      | Reached * piety under Ru
  1943 | D:4      | You fall into a shaft and drop 3 floors!
  1975 | D:7      | Noticed a kobold brigand
  1998 | D:7      | Killed a kobold brigand
  1999 | D:7      | Reached XP level 5. HP: 13/44 MP: 5/5
  2249 | D:7      | Reached skill level 5 in Maces & Flails
  2335 | D:6      | Found a staircase to the Ecumenical Temple.
  2353 | D:6      | Noticed a phantom
  2357 | D:6      | Reached XP level 6. HP: 21/52 MP: 6/6
  2374 | D:6      | Reached skill level 5 in Fighting
  2374 | D:6      | Reached skill level 6 in Maces & Flails
  2650 | D:6      | Found Ymyczegg's Fire Supplies.
  2663 | D:6      | Gained mutation: You curl defensively after being hit. (AC
                  | +7*) [Palentonga growth]
  2663 | D:6      | Reached XP level 7. HP: 43/59 MP: 7/7
  2697 | D:6      | Noticed a steam dragon
  2702 | D:5      | Entered Level 5 of the Dungeon
  2804 | D:5      | Noticed Pikel
  2840 | D:5      | HP: 1/59 [Pikel (3)]
  2842 | D:5      | Slain by a lemure

Illustrated notes

Levels and vault maps discovered:
D:1:      lemuel_arrival_river_ford, layout_basic
D:2:      layout_loops_ring, uniq_jessica
D:3:      layout_loops_ring, hellmonk_ecumenical_altar_crossroads
D:4:      layout_loops_ring, hangedman_abyss_or_decor_passed,
          minmay_ruined_shrine
D:5:      nicolae_cairo_tiling_very_big, layout_rooms, grunt_ministairs_15,
          eino_curves_03, nicolae_elemental_shop, uniq_pikel
D:6:      layout_layer_cave, minmay_temple_entry_drinking_statues,
          nicolae_shop_fire_sale [nicolae_sub_dead_trees],
          corexii_leaking_fountain
D:7:      layout_basic

Skill      XL: |  1  2  3  4  5  6 |
---------------+-------------------+-----
Maces & Flails | 3 4 5 6 |  6.7
Fighting       | 4 5 |  5.4
Armour         | |  2.4
Shields        | |  2.4

Action                   |  1- 3 |  4- 6 |  7- 9 || total
-------------------------+-------+-------+-------++-------
Melee: Flail             |    73 |   109 |    25 ||   207
       Tailslap          |     6 |    14 |     1 ||    21
Invok: Sacrifice Arcana  |       |     1 |       ||     1
 Abil: Rolling Charge    |    17 |    22 |     5 ||    44
  Use: Scroll            |       |     4 |       ||     4
       Potion            |       |     5 |     3 ||     8
Armor: Scale mail        |    36 |    37 |    15 ||    88
Dodge: Dodged            |    33 |    35 |    10 ||    78
Block: Buckler           |    10 |     2 |       ||    12
